[ AOE2 MATCH · #478368939 ]
UnrankedDravidians vs Cumans
Player's team · LOSS
[ REPLAY ANALYSIS · EXTRACTED FROM THE RECORDED GAME ]
Feudal
—
Castle
—
Imperial
—
| APM avg | 15.7 |
| APM peak | 38 |
| eAPM avg | 10.2 |
| Villagers / military | 0 / 0 |
Focus
⚔️ 71.4% · 🌾 28.6%
Feudal
—
Castle
—
Imperial
—
| APM avg | 22.9 |
| APM peak | 44 |
| eAPM avg | 4.6 |
| Villagers / military | 0 / 0 |
Focus
⚔️ 100.0% · 🌾 0.0%
Feudal
—
Castle
—
Imperial
—
| APM avg | 23.7 |
| APM peak | 43 |
| eAPM avg | 12.3 |
| Villagers / military | 0 / 367 |
Focus
⚔️ 93.6% · 🌾 6.4%
Steppe Lancer ×227 · Cavalry Archer ×140
Feudal
—
Castle
—
Imperial
—
| APM avg | 20.1 |
| APM peak | 45 |
| eAPM avg | 9.6 |
| Villagers / military | 0 / 370 |
Focus
⚔️ 93.0% · 🌾 7.0%
Hand Cannoneer ×365 · Battering Ram ×5
Feudal
—
Castle
—
Imperial
—
| APM avg | 13.3 |
| APM peak | 48 |
| eAPM avg | 4.6 |
| Villagers / military | 0 / 165 |
Focus
⚔️ 96.7% · 🌾 3.3%
Spearman ×165
Feudal
—
Castle
—
Imperial
—
| APM avg | 12.9 |
| APM peak | 24 |
| eAPM avg | 6.4 |
| Villagers / military | 0 / 0 |
Focus
⚔️ 97.3% · 🌾 2.7%
Feudal
—
Castle
—
Imperial
—
| APM avg | 6.7 |
| APM peak | 34 |
| eAPM avg | 1.7 |
| Villagers / military | 0 / 0 |
Focus
⚔️ 100.0% · 🌾 0.0%
Feudal
—
Castle
—
Imperial
—
| APM avg | 1.3 |
| APM peak | 23 |
| eAPM avg | 0.3 |
| Villagers / military | 0 / 0 |
Focus
⚔️ 100.0% · 🌾 0.0%
Match map
Initial resources + every placement click. Lines = walls · curves = elevation contours. ◆ gold · ⬟ stone · ● berries · ✦ relic · ◌ wall gap
Your base· Open
Lazordos's base· Open
REDNEX's base· Open
12345's base· ✓ Map-separated
uzbekKazeta's base· Open
Rntotal10's base· ✓ Map-separated
SkyWarrior's base· Open
Emilia LiL Uzi's base· Open
Smoothed initial terrain · ◌ = detected wall gap · hover for details
Inputs per minute
— Lemurius - - Lazordos
Build order — Lemurius
17 actions detected in the replay
| 11:29 | Build | Watch Tower |
| 11:30 | Build | Watch Tower |
| 11:31 | Build | Watch Tower |
| 11:31 | Build | Watch Tower |
| 12:56 | Build | Stable |
| 12:57 | Build | Stable |
| 12:57 | Build | Stable |
| 13:30 | Research | Iron Casting |
| 13:30 | Research | Chain Mail Armor |
| 13:31 | Research | Chain Barding Armor |
| 13:32 | Research | Leather Archer Armor |
| 13:32 | Research | Leather Archer Armor |
| 13:32 | Research | Bodkin Arrow |
| 13:38 | Research | Ballistics |
| 13:38 | Research | Guard Tower (upgrade) |
| 15:24 | Research | Tech 909 |
| 16:19 | Research | Medical Corps |
Build order — Lazordos
32 actions detected in the replay
| 7:22 | Build | Stable |
| 7:24 | Build | Stable |
| 7:28 | Build | Stable |
| 7:41 | Build | Stable |
| 7:42 | Build | Stable |
| 7:44 | Build | Stable |
| 7:45 | Build | Stable |
| 7:46 | Build | Stable |
| 7:48 | Build | Stable |
| 8:42 | Build | Stable |
| 12:21 | Build | Stable |
| 12:23 | Build | Stable |
| 12:25 | Build | Stable |
| 12:26 | Build | Stable |
| 12:28 | Build | Stable |
| 12:30 | Build | Stable |
| 16:28 | Build | Stable |
| 16:29 | Build | Stable |
| 16:31 | Build | Stable |
| 16:33 | Build | Stable |
| 16:35 | Build | Stable |
| 16:37 | Build | Stable |
| 16:38 | Build | Stable |
| 20:10 | Build | Stable |
| 20:12 | Build | Stable |
| 20:13 | Build | Stable |
| 20:14 | Build | Stable |
| 20:15 | Build | Stable |
| 22:19 | Build | Stable |
| 22:20 | Build | Stable |
| 22:22 | Build | Stable |
| 22:24 | Build | Stable |
Build order — REDNEX
110 actions detected in the replay
| 15:56 | Research | Iron Casting |
| 15:57 | Research | Chain Barding Armor |
| 15:58 | Research | Bodkin Arrow |
| 15:58 | Research | Leather Archer Armor |
| 15:59 | Research | Leather Archer Armor |
| 15:59 | Research | Chain Mail Armor |
| 15:59 | Research | Chain Mail Armor |
| 16:02 | Research | Treadmill Crane |
| 16:03 | Research | Ballistics |
| 16:04 | Research | Guard Tower (upgrade) |
| 19:05 | Build | Stable |
| 19:07 | Build | Stable |
| 19:09 | Build | Stable |
| 19:10 | Build | Stable |
| 19:12 | Build | Stable |
| 19:13 | Build | Stable |
| 19:15 | Build | Stable |
| 19:16 | Build | Stable |
| 19:18 | Build | Stable |
| 19:21 | Build | Archery Range |
| 19:23 | Build | Archery Range |
| 19:24 | Build | Archery Range |
| 19:27 | Build | Archery Range |
| 19:29 | Build | Archery Range |
| 20:36 | Research | Husbandry |
| 20:36 | Research | Bloodlines |
| 20:37 | Research | Light Cavalry (upgrade) |
| 20:38 | Create | Steppe Lancer ×5 |
| 20:38 | Create | Steppe Lancer ×5 |
| 20:38 | Create | Steppe Lancer ×5 |
| 20:39 | Create | Steppe Lancer ×5 |
| 20:39 | Create | Steppe Lancer ×2 |
| 20:43 | Create | Steppe Lancer ×5 |
| 20:43 | Create | Steppe Lancer ×5 |
| 20:43 | Create | Steppe Lancer ×5 |
| 20:44 | Create | Steppe Lancer ×5 |
| 20:44 | Create | Steppe Lancer ×5 |
| 20:52 | Research | Crossbowman (upgrade) |
| 20:52 | Research | Elite Skirmisher (upgrade) |
| 20:53 | Create | Cavalry Archer ×5 |
| 20:54 | Create | Cavalry Archer ×5 |
| 20:54 | Create | Cavalry Archer ×5 |
| 20:54 | Create | Cavalry Archer ×5 |
| 20:54 | Create | Cavalry Archer ×5 |
| 22:04 | Create | Cavalry Archer ×5 |
| 22:04 | Create | Cavalry Archer ×5 |
| 22:04 | Create | Cavalry Archer ×5 |
| 22:05 | Create | Cavalry Archer ×5 |
| 22:05 | Create | Cavalry Archer ×5 |
| 22:11 | Create | Steppe Lancer ×3 |
| 22:11 | Create | Steppe Lancer ×3 |
| 22:14 | Create | Steppe Lancer ×2 |
| 22:14 | Create | Steppe Lancer ×2 |
| 22:16 | Create | Steppe Lancer ×5 |
| 22:16 | Create | Steppe Lancer ×5 |
| 22:17 | Create | Steppe Lancer ×5 |
| 22:17 | Create | Steppe Lancer ×5 |
| 22:17 | Create | Steppe Lancer ×5 |
| 22:18 | Create | Steppe Lancer ×5 |
| 22:21 | Create | Steppe Lancer ×5 |
| 22:21 | Create | Steppe Lancer ×5 |
| 22:21 | Create | Steppe Lancer ×5 |
| 22:22 | Create | Steppe Lancer ×5 |
| 22:37 | Create | Cavalry Archer ×5 |
| 22:37 | Create | Cavalry Archer ×5 |
| 22:38 | Create | Cavalry Archer ×5 |
| 22:38 | Create | Cavalry Archer ×5 |
| 22:38 | Create | Cavalry Archer ×5 |
| 22:39 | Create | Cavalry Archer ×5 |
| 23:30 | Build | Stable |
| 23:32 | Build | Stable |
| 23:33 | Build | Stable |
| 23:43 | Create | Steppe Lancer |
| 23:43 | Create | Steppe Lancer ×5 |
| 23:43 | Create | Steppe Lancer ×5 |
| 23:44 | Create | Steppe Lancer ×5 |
| 23:44 | Create | Steppe Lancer ×5 |
| 23:44 | Create | Steppe Lancer ×4 |
| 23:48 | Create | Steppe Lancer ×5 |
| 23:48 | Create | Steppe Lancer ×5 |
| 23:48 | Create | Steppe Lancer ×5 |
| 23:48 | Create | Steppe Lancer ×5 |
| 23:49 | Create | Steppe Lancer ×5 |
| 23:52 | Create | Steppe Lancer ×5 |
| 23:52 | Create | Steppe Lancer ×5 |
| 23:52 | Create | Steppe Lancer ×5 |
| 23:53 | Create | Steppe Lancer ×5 |
| 23:56 | Create | Steppe Lancer ×5 |
| 23:57 | Create | Steppe Lancer ×5 |
| 23:57 | Create | Steppe Lancer ×5 |
| 23:57 | Create | Steppe Lancer ×5 |
| 23:58 | Create | Steppe Lancer ×5 |
| 24:02 | Create | Steppe Lancer ×5 |
| 24:02 | Create | Steppe Lancer ×5 |
| 24:02 | Create | Steppe Lancer ×5 |
| 24:02 | Create | Steppe Lancer ×5 |
| 24:03 | Create | Steppe Lancer ×5 |
| 24:09 | Create | Cavalry Archer ×5 |
| 24:09 | Create | Cavalry Archer ×5 |
| 24:10 | Create | Cavalry Archer ×5 |
| 24:10 | Create | Cavalry Archer ×5 |
| 24:10 | Create | Cavalry Archer ×5 |
| 24:13 | Create | Cavalry Archer ×5 |
| 24:14 | Create | Cavalry Archer ×5 |
| 24:14 | Create | Cavalry Archer ×5 |
| 24:14 | Create | Cavalry Archer ×5 |
| 24:15 | Create | Cavalry Archer ×5 |
| 24:15 | Create | Cavalry Archer ×5 |
| 24:18 | Create | Cavalry Archer ×2 |
| 24:19 | Create | Cavalry Archer ×3 |
Build order — 12345
133 actions detected in the replay
| 9:43 | Build | Stone Wall |
| 9:46 | Build | Stone Wall |
| 11:36 | Build | Archery Range |
| 11:37 | Build | Archery Range |
| 11:38 | Build | Archery Range |
| 11:39 | Build | Archery Range |
| 11:44 | Build | Archery Range |
| 11:45 | Build | Archery Range |
| 11:46 | Build | Archery Range |
| 11:47 | Build | Archery Range |
| 14:45 | Build | Archery Range |
| 14:46 | Build | Archery Range |
| 14:47 | Build | Archery Range |
| 14:48 | Build | Archery Range |
| 14:57 | Build | Archery Range |
| 14:58 | Build | Archery Range |
| 14:59 | Build | Archery Range |
| 15:01 | Build | Archery Range |
| 15:38 | Research | Crossbowman (upgrade) |
| 15:39 | Research | Elite Skirmisher (upgrade) |
| 15:45 | Research | Wagenburg Tactics |
| 15:48 | Research | Bodkin Arrow |
| 15:48 | Research | Leather Archer Armor |
| 15:49 | Research | Iron Casting |
| 15:49 | Research | Chain Mail Armor |
| 15:49 | Research | Chain Barding Armor |
| 15:51 | Research | Chemistry |
| 15:51 | Research | Ballistics |
| 15:51 | Research | Treadmill Crane |
| 15:52 | Research | Guard Tower (upgrade) |
| 15:52 | Research | Tech 909 |
| 15:53 | Research | Tech 908 |
| 15:53 | Research | Careening |
| 18:28 | Research | Arbalester (upgrade) |
| 18:29 | Create | Hand Cannoneer ×5 |
| 18:29 | Create | Hand Cannoneer ×5 |
| 18:30 | Create | Hand Cannoneer ×5 |
| 18:30 | Create | Hand Cannoneer ×5 |
| 18:30 | Create | Hand Cannoneer ×5 |
| 18:31 | Create | Hand Cannoneer ×5 |
| 18:31 | Create | Hand Cannoneer ×5 |
| 18:31 | Create | Hand Cannoneer ×5 |
| 18:33 | Research | Elite Hussite Wagon (upgrade) |
| 18:34 | Research | Spies/Treason |
| 18:34 | Research | Conscription |
| 18:34 | Research | Hussite Reforms |
| 18:35 | Research | Sappers |
| 18:36 | Research | Bracer |
| 18:36 | Research | Ring Archer Armor |
| 18:37 | Research | Blast Furnace |
| 18:39 | Research | Bombard Tower (upgrade) |
| 18:39 | Research | Arrowslits |
| 18:40 | Research | Siege Engineers |
| 18:57 | Create | Hand Cannoneer ×5 |
| 18:57 | Create | Hand Cannoneer ×5 |
| 18:58 | Create | Hand Cannoneer ×5 |
| 18:58 | Create | Hand Cannoneer ×5 |
| 18:58 | Create | Hand Cannoneer ×5 |
| 18:59 | Create | Hand Cannoneer ×5 |
| 18:59 | Create | Hand Cannoneer ×5 |
| 18:59 | Create | Hand Cannoneer ×5 |
| 19:00 | Create | Hand Cannoneer ×5 |
| 19:00 | Create | Hand Cannoneer ×5 |
| 19:05 | Build | Archery Range |
| 19:06 | Build | Archery Range |
| 19:10 | Build | Watch Tower |
| 19:20 | Create | Hand Cannoneer ×5 |
| 19:20 | Create | Hand Cannoneer ×5 |
| 19:20 | Create | Hand Cannoneer ×5 |
| 19:21 | Create | Hand Cannoneer ×5 |
| 19:21 | Create | Hand Cannoneer ×5 |
| 19:21 | Create | Hand Cannoneer ×5 |
| 20:00 | Build | Archery Range |
| 20:01 | Build | Archery Range |
| 20:09 | Research | Plate Mail Armor |
| 20:12 | Research | Keep (upgrade) |
| 20:12 | Research | Tech 910 |
| 20:17 | Create | Hand Cannoneer ×5 |
| 20:17 | Create | Hand Cannoneer ×5 |
| 20:18 | Create | Hand Cannoneer ×5 |
| 20:18 | Create | Hand Cannoneer ×5 |
| 20:18 | Create | Hand Cannoneer ×5 |
| 20:19 | Create | Hand Cannoneer ×5 |
| 20:19 | Create | Hand Cannoneer ×5 |
| 20:19 | Create | Hand Cannoneer ×5 |
| 20:28 | Create | Hand Cannoneer ×5 |
| 20:29 | Create | Hand Cannoneer ×5 |
| 20:29 | Create | Hand Cannoneer ×5 |
| 20:29 | Create | Hand Cannoneer ×5 |
| 20:30 | Create | Hand Cannoneer ×5 |
| 20:30 | Create | Hand Cannoneer ×5 |
| 20:30 | Create | Hand Cannoneer ×5 |
| 20:31 | Create | Hand Cannoneer ×5 |
| 20:31 | Create | Hand Cannoneer ×5 |
| 20:31 | Create | Hand Cannoneer ×5 |
| 20:32 | Create | Hand Cannoneer ×5 |
| 20:32 | Create | Hand Cannoneer ×5 |
| 20:32 | Create | Hand Cannoneer ×5 |
| 20:33 | Create | Hand Cannoneer ×5 |
| 20:33 | Create | Hand Cannoneer ×5 |
| 20:33 | Create | Hand Cannoneer ×5 |
| 20:34 | Create | Hand Cannoneer ×5 |
| 20:34 | Create | Hand Cannoneer ×5 |
| 20:35 | Create | Hand Cannoneer ×5 |
| 20:35 | Create | Hand Cannoneer ×5 |
| 20:35 | Create | Hand Cannoneer ×5 |
| 20:36 | Create | Hand Cannoneer ×5 |
| 20:36 | Create | Hand Cannoneer ×5 |
| 20:36 | Create | Hand Cannoneer ×5 |
| 20:37 | Create | Hand Cannoneer ×5 |
| 21:31 | Create | Hand Cannoneer ×5 |
| 21:32 | Create | Hand Cannoneer ×5 |
| 21:32 | Create | Hand Cannoneer ×5 |
| 21:32 | Create | Hand Cannoneer ×5 |
| 21:33 | Create | Hand Cannoneer ×5 |
| 22:34 | Build | Siege Workshop |
| 22:39 | Build | Siege Workshop |
| 22:48 | Create | Hand Cannoneer ×5 |
| 22:49 | Create | Hand Cannoneer ×5 |
| 22:49 | Create | Hand Cannoneer ×5 |
| 22:49 | Create | Hand Cannoneer ×5 |
| 23:41 | Research | Capped Ram (upgrade) |
| 23:41 | Research | Onager (upgrade) |
| 23:43 | Research | Heavy Scorpion (upgrade) |
| 23:45 | Research | Houfnice (upgrade) |
| 23:47 | Create | Battering Ram ×5 |
| 23:51 | Create | Hand Cannoneer ×5 |
| 23:51 | Create | Hand Cannoneer ×5 |
| 23:52 | Create | Hand Cannoneer ×5 |
| 23:52 | Create | Hand Cannoneer ×5 |
| 23:53 | Create | Hand Cannoneer ×5 |
| 23:53 | Create | Hand Cannoneer ×5 |
| 23:53 | Create | Hand Cannoneer ×5 |
Build order — uzbekKazeta
59 actions detected in the replay
| 9:17 | Research | Iron Casting |
| 9:18 | Research | Chain Mail Armor |
| 9:21 | Research | Atlatl |
| 11:30 | Build | Barracks |
| 11:31 | Build | Barracks |
| 11:32 | Build | Barracks |
| 11:34 | Build | Barracks |
| 14:14 | Research | Gambesons |
| 14:16 | Research | Arson |
| 14:18 | Research | Long Swordsman (upgrade) |
| 14:54 | Build | Barracks |
| 14:56 | Build | Barracks |
| 14:58 | Build | Barracks |
| 15:04 | Build | Barracks |
| 15:06 | Build | Barracks |
| 15:08 | Build | Barracks |
| 17:47 | Build | Barracks |
| 17:51 | Build | Barracks |
| 17:55 | Build | Barracks |
| 17:56 | Build | Barracks |
| 17:58 | Build | Barracks |
| 18:00 | Build | Barracks |
| 18:03 | Build | Barracks |
| 19:28 | Research | Pikeman (upgrade) |
| 19:36 | Create | Spearman ×5 |
| 19:37 | Create | Spearman ×5 |
| 19:37 | Create | Spearman ×5 |
| 19:37 | Create | Spearman ×5 |
| 19:37 | Create | Spearman ×5 |
| 19:37 | Create | Spearman ×5 |
| 19:38 | Create | Spearman ×5 |
| 19:38 | Create | Spearman ×5 |
| 19:38 | Create | Spearman ×5 |
| 19:38 | Create | Spearman ×5 |
| 19:38 | Create | Spearman ×5 |
| 19:39 | Create | Spearman ×5 |
| 19:39 | Create | Spearman ×5 |
| 19:40 | Create | Spearman ×5 |
| 19:40 | Create | Spearman ×5 |
| 19:40 | Create | Spearman ×5 |
| 19:40 | Create | Spearman ×5 |
| 19:41 | Create | Spearman ×5 |
| 19:41 | Create | Spearman ×5 |
| 19:41 | Create | Spearman ×5 |
| 19:41 | Create | Spearman ×5 |
| 19:41 | Create | Spearman ×5 |
| 19:42 | Create | Spearman ×5 |
| 19:42 | Create | Spearman ×5 |
| 19:42 | Create | Spearman ×5 |
| 19:42 | Create | Spearman ×5 |
| 19:43 | Create | Spearman ×5 |
| 19:43 | Create | Spearman ×5 |
| 19:43 | Create | Spearman ×5 |
| 19:43 | Create | Spearman ×5 |
| 19:44 | Create | Spearman ×5 |
| 19:44 | Create | Spearman ×5 |
| 19:44 | Create | Spearman ×5 |
| 19:51 | Research | Ballistics |
| 22:55 | Build | Barracks |
Build order — Rntotal10
12 actions detected in the replay
| 15:13 | Research | Treadmill Crane |
| 15:14 | Research | Tech 908 |
| 15:14 | Research | Tech 908 |
| 15:15 | Research | Guard Tower (upgrade) |
| 15:15 | Research | Ballistics |
| 15:16 | Research | Careening |
| 15:19 | Research | Chain Barding Armor |
| 15:19 | Research | Chain Mail Armor |
| 15:19 | Research | Leather Archer Armor |
| 15:20 | Research | Bodkin Arrow |
| 15:24 | Research | Tigui |
| 15:25 | Research | Tigui |
Build order — SkyWarrior
0 actions detected in the replay
Build order — Emilia LiL Uzi
0 actions detected in the replay
Match timeline
| 7:22 | Lazordos · first_building Stable |
| 9:43 | 12345 · wall_segment Stone Wall x12 |
| 9:46 | 12345 · wall_segment Stone Wall x6 |
| 11:30 | uzbekKazeta · first_building Barracks |
| 11:36 | 12345 · first_building Archery Range |
| 12:56 | Lemurius · first_building Stable |
| 13:33 | SkyWarrior · resign |
| 19:05 | REDNEX · first_building Stable |
| 19:21 | REDNEX · first_building Archery Range |
| 22:34 | 12345 · first_building Siege Workshop |
[ AI ANALYSIS · 1 CREDIT ]
What really happened in this match?
Wolo.gg analyzes every decision: build order, eco, micro, common mistakes by bracket. Personalized analysis on WhatsApp or Discord in 30 seconds.
Civ guide
Dravidians
Map guide
CBA_=REQUIEM=_V292 (Scenario)
Perfil
Jugador #21242829